 Dungeon Crawl Stone Soup version 0.30-a0-1094-g860fb061e7 (webtiles) character file.

Game seed: 7397903949506824353

3850 lunkers the Fighter (level 10, -2/89 (93) HPs)
             Began as a Meteoran Fighter on Apr 17, 2023.
             Was an Elder of Makhleb.
             Slain by a wight
             ... wielding a +0 long sword
              (3 damage)
             ... on level 9 of the Dungeon.
             The game lasted 00:13:45 (3407 turns).

lunkers the Fighter (Meteoran Fighter)              Turns: 3407, Time: 00:13:46

HP:   -2/89 (93)    AC: 11    Str: 18    XL:     10   Next: 68%
MP:   0/24          EV: 11    Int: 11    God:    Makhleb [****..]
Gold: 323           SH:  5    Dex: 17    Spells: 9/9 levels left

rFire   . . .      SeeInvis .    a - +2 falchion (elec)
rCold   . . .      Faith    .    c - +0 buckler
rNeg    . . .      Spirit   +    d - +0 swamp dragon scales
rPois   +          Reflect  .    F - +1 helmet
rElec   .          Rampage  .    y - +0 cloak
rCorr   .                        (no gloves)
Will    +....                    (no boots)
Stlth   +                        q - amulet of guardian spirit
HPRegen 0.34/turn                v - ring of magical power
MPRegen 0.19/turn                n - ring of poison resistance

@: glowing, lightly drained
A: sense surroundings 2, otherworldly, glowing, explore regen
a: Renounce Religion, Minor Destruction, Lesser Servant of Makhleb, Major
Destruction


You were on level 9 of the Dungeon.
You worshipped Makhleb.
Makhleb was greatly pleased with you.
You visited 1 branch of the dungeon, and saw 9 of its levels.

You collected 323 gold pieces.

Inventory:

Hand Weapons
 a - a +2 falchion of electrocution (weapon)
 b - a +2 dagger of venom
 z - a +2 short sword of protection
 D - a +5 flail of holy wrath
Armour
 c - a +0 buckler (worn)
 d - +0 swamp dragon scales (worn)
 s - a +2 leather armour of poison resistance
 y - a +0 cloak (worn)
 F - a +1 helmet (worn)
Jewellery
 n - a ring of poison resistance (right hand)
 p - a ring of wizardry
 q - an amulet of guardian spirit (around neck)
 v - a ring of magical power (left hand)
 w - a ring of positive energy
 x - a ring of flight
Wands
 j - a wand of acid (1)
 t - a wand of roots (9)
Scrolls
 g - a scroll of identify
 h - 2 scrolls of enchant armour
 k - 2 scrolls of poison
 o - a scroll of teleportation
 r - a scroll of silence
Potions
 e - 2 potions of mutation
 f - 2 potions of haste
 i - 2 potions of flight
 l - a potion of attraction
 m - 2 potions of curing
 u - a potion of invisibility {unknown}
 A - a potion of heal wounds
 B - 2 potions of might


   Skills:
 + Level 9.9 Fighting
 - Level 6.3(8.6) Short Blades
 * Level 9.8(10.8) Long Blades
 + Level 4.7 Armour
 + Level 2.7 Dodging
 - Level 3.6 Shields
 - Level 6.0 Invocations


You had 9 spell levels left.
You didn't know any spells.
Your spell library contained the following spells:

 Spells                   Type           Power      Damage    Failure   Level
 Beastly Appendage        Tmut           0%         N/A       61%         1
 Static Discharge         Conj/Air       0%         2-2/arc   75%         2
 Wereblood                Tmut           0%         N/A       75%         2
 Spider Form              Tmut/Pois      0%         N/A       93%         3
 Airstrike                Air            0%         2d(0-16)  100%        4
 Animate Armour           Summ/Erth      0%         N/A       100%        4
 Passage of Golubria      Tloc           0%         N/A       100%        4
 Summon Lightning Spire   Summ/Air       0%         N/A       100%        4
 Blade Hands              Tmut           0%         N/A       100%        5
 Silence                  Hex/Air        0%         N/A       100%        5
 Iron Shot                Conj/Erth      0%         9d1       100%        6
 Lehudib's Crystal Spear  Conj/Erth      0%         10d2      100%        8


Dungeon Overview and Level Annotations

Branches:
Dungeon (9/15) Zot: 2043   Temple (0/1) D:7
   Lair: D:8-11         Orc: D:9-12

Altars:
Gozag
Makhleb
Trog

Annotations:
D:5 1 runed translucent door


Innate Abilities, Weirdness & Mutations

You passively map the area around you.
You are easily found by Zot.
You glow in the dark.
You regain HP and MP as you explore.


Message History

You slash the wight!
The wight is severely damaged.
The gnoll sergeant barely misses you. You block the wight's attack.
The wight barely misses you.
Unknown command.
You barely miss the wight.
The wight is severely damaged.
The gnoll sergeant hits you from afar with a +0 spear!
* * * LOW HITPOINT WARNING * * *
The wight hits you with a +5 great sword.
* * * LOW HITPOINT WARNING * * *
The wight barely misses you.
Unknown command.
You hit the wight.
The wight is severely damaged.
Unknown command.
You hit the wight.
The wight is almost destroyed.
The wight hits you with a +5 great sword!
* * * LOW MAGIC WARNING * * *
* * * LOW HITPOINT WARNING * * *
The gnoll sergeant hits you but does no damage.
You block the wight's attack.
You closely miss the wight.
The wight is almost destroyed.
The wight hits you with a +5 great sword!
* * * LOW MAGIC WARNING * * *
* * * LOW HITPOINT WARNING * * *
You feel drained.
* * * LOW MAGIC WARNING * * *
* * * LOW HITPOINT WARNING * * *
The gnoll sergeant hits you from afar with a +0 spear.
* * * LOW MAGIC WARNING * * *
* * * LOW HITPOINT WARNING * * *
The wight barely misses you.
The wight hits you with a +0 long sword!
* * * LOW MAGIC WARNING * * *
* * * LOW HITPOINT WARNING * * *
You feel drained.
You die...

,, ,, , , ,....# , , , ...#
* ,, , ,,...####** * * ,
..... , , , , .... ,, *,
*** ** #zg#* ** * * , #zz#
* , #@z# * , #$.# , * ,,
#..# * #..# *, #.. #..#
#..#############..# ,,
#.................#########
,
...........................
,
..........................,
,


You could see a gnoll sergeant and 4 wights.

Vanquished Creatures
  Maurice (D:8)
  Maggie (D:8)
  Prince Ribbit (D:8)
  2 hornets
  A slime creature (D:8)
  A wyvern (D:9)
  An ice beast (D:8)
  An orc warrior (D:8)
  An ogre (D:6)
  2 centaurs
  A phantom (D:7)
  2 bullfrogs
  3 kobold brigands (D:7)
  7 scorpions
  6 killer bees (D:8)
  A howler monkey (D:5)
  4 hounds
  6 jellies (D:8)
  3 orc priests
  A sleepcap (D:5)
  7 orc wizards
  4 gnolls (D:9)
  2 adders
  2 dart slugs
  25 orcs
  4 ball pythons
  25 endoplasms
  10 giant cockroaches
  5 goblins
  8 hobgoblins
  10 jackals (D:1)
  5 quokkas
  6 bats
  20 kobolds
  10 rats
189 creatures vanquished.

Notes
Turn   | Place    | Note
-------+----------+-------------------------------------------
     0 | D:1      | lunkers the Meteoran Fighter began the quest for the Orb.
     0 | D:1      | Reached XP level 1. HP: 19/19 MP: 2/2
    70 | D:1      | Reached XP level 2. HP: 21/26 MP: 3/3
   125 | D:1      | Reached XP level 3. HP: 26/31 MP: 4/4
   385 | D:1      | Reached XP level 4. HP: 34/38 MP: 5/5
   476 | D:1      | Glimpsed the power of Zot.
   563 | D:2      | Reached skill level 5 in Long Blades
   711 | D:2      | Found a faded altar of an unknown god.
   741 | D:2      | Prayed at the altar of an unknown god.
   741 | D:2      | Became a worshipper of Makhleb the Destroyer
   741 | D:2      | Reached * piety under Makhleb
  1025 | D:3      | Reached XP level 5. HP: 42/45 MP: 6/6
  1662 | D:4      | Found a bloodstained altar of Trog.
  1675 | D:4      | Reached XP level 6. HP: 46/51 MP: 7/7
  1748 | D:5      | Entered Level 5 of the Dungeon
  1888 | D:5      | Found a runed translucent door.
  1938 | D:5      | Reached XP level 7. HP: 27/57 MP: 4/8
  1973 | D:5      | Reached skill level 1 in Short Blades
  2057 | D:5      | Found a runed translucent door.
  2082 | D:5      | Reached ** piety under Makhleb
  2103 | D:5      | Reached XP level 8. HP: 48/63 MP: 7/9
  2107 | D:5      | Reached skill level 5 in Short Blades
  2479 | D:7      | Reached skill level 1 in Invocations
  2528 | D:7      | Noticed a hornet
  2537 | D:7      | Killed a hornet
  2538 | D:7      | Reached skill level 5 in Fighting
  2538 | D:7      | Gained mutation: You passively map the area around you.
                  | [Meteoran growth]
  2538 | D:7      | Reached XP level 9. HP: 61/74 MP: 12/12
  2593 | D:7      | Found an opulent altar of Gozag.
  2625 | D:7      | Found a staircase to the Ecumenical Temple.
  2766 | D:8      | Reached *** piety under Makhleb
  2775 | D:8      | Noticed Prince Ribbit
  2781 | D:7      | Reached skill level 5 in Invocations
  2812 | D:8      | Killed Prince Ribbit
  2831 | D:8      | Noticed a hornet
  2921 | D:8      | Paralysed by a hornet for 1 turns
  2925 | D:8      | Killed a hornet
  2984 | D:8      | Reached XP level 10. HP: 69/88 MP: 15/15
  3081 | D:8      | Noticed Maggie
  3093 | D:8      | HP: 2/90 [Maggie/+5 heavy halberd (17)]
  3110 | D:8      | Killed Maggie
  3168 | D:8      | Reached **** piety under Makhleb
  3221 | D:8      | Reached skill level 1 in Dodging
  3308 | D:8      | Noticed Maurice
  3341 | D:8      | Killed Maurice
  3407 | D:9      | HP: 1/91 [wight/+0 long sword (5)]
  3407 | D:9      | Slain by a wight

Illustrated notes

Levels and vault maps discovered:
D:1:      lemuel_arrival_funnel, layout_basic, minmay_3d_cube
D:2:      layout_basic, hellmonk_ecumenical_altar_pennies_from_heaven
D:3:      layout_basic, mainiacjoe_overflow_six_doors_small, serial_shops, shop
D:4:      layout_cave_pods, bloody_trog, grunt_temple_overflow_diamond,
          minmay_misc_feat_encased
D:5:      lemuel_insect_pit, layout_gridville, gammafunk_temple_overflow_claw
D:6:      layout_basic, mainiacjoe_overflow_alcove_4
D:7:      layout_gridville, grunt_gozag_breadcrumbs, minmay_temple_entry_tees
D:8:      lemuel_slime, layout_cave_pools, uniq_amaemon, uniq_prince_ribbit1,
          uniq_maggie, uniq_maurice
D:9:      layout_long_grid

Skill      XL: |  1  2  3  4  5  6  7  8  9 10 |
---------------+-------------------------------+-----
Long Blades    | 3 4 5 6 8 9 |  9.8
Short Blades   | 4 6 |  6.3
Fighting       | 5 7 9 |  9.9
Invocations    | 3 6 |  6.0
Dodging        | 2 |  2.7
Armour         | 4 |  4.7
Shields        | |  3.6

Action                     |  1- 3 |  4- 6 |  7- 9 | 10-12 || total
---------------------------+-------+-------+-------+-------++-------
  Melee: Long sword        |    85 |   134 |       |       ||   219
         Dagger            |       |    41 |   152 |       ||   193
         Falchion          |       |       |   120 |   121 ||   241
  Evoke: Wand              |       |       |     6 |     2 ||     8
    Use: Scroll            |       |       |    15 |     1 ||    16
         Potion            |       |       |       |     4 ||     4
 Armour: Scale mail        |    41 |    51 |       |       ||    92
         Leather armour    |       |    10 |   109 |    15 ||   134
         Swamp dragon scal |       |       |       |    24 ||    24
         Skin              |       |       |       |    23 ||    23
  Dodge: Dodged            |    48 |    62 |   126 |    43 ||   279
  Block: Buckler           |    23 |    34 |    69 |    34 ||   160

Table legend: (Time is in decaauts)
 A = Elapsed time spent in this place.
 B = Non-inter-level travel time spent in this place.
 C = Inter-level travel time spent in this place.
 D = Time resting spent in this place.
 E = Time spent auto-exploring this place.
 F = Levels seen in this place.
 G = Mean time per level.
                   A        B        C        D        E       F      G
               +--------+--------+--------+--------+--------+-----+--------+
         Total |   3355 |   3266 |     89 |      0 |   1881 |   9 |  372.8 |
       Dungeon |   3355 |   3266 |     89 |      0 |   1881 |   9 |  372.8 |
               +--------+--------+--------+--------+--------+-----+--------+

Top non-repeatable levels by time:
     D:1: 527 daAuts
     D:8: 500 daAuts
     D:3: 435 daAuts
     D:2: 420 daAuts
     D:4: 408 daAuts
     D:7: 393 daAuts
     D:5: 392 daAuts
     D:6: 226 daAuts
     D:9: 50 daAuts
